 Dungeon Crawl Stone Soup version 0.28.0-43-g3370ac3207 (webtiles) character file.

Game seed: 10656322899595847809

984 Peloso the Slasher (level 7, -1/61 HPs)
             Began as a Minotaur Fighter on Mar 19, 2022.
             Blown up by Pikel (18 damage)
             ... with a mindburst bolt
             ... on level 4 of the Dungeon.
             The game lasted 00:04:46 (4388 turns).

Peloso the Slasher (Minotaur Fighter)               Turns: 4388, Time: 00:04:47

Health: -1/61      AC: 14    Str: 21    XL:     7   Next: 97%
Magic:  6/6        EV:  6    Int:  5    God:
Gold:   158        SH:  5    Dex: 11    Spells: 6/6 levels left

rFire   . . .      SeeInvis .   a - +0 long sword
rCold   . . .      Faith    .   c - +0 buckler
rNeg    . . .      Spirit   .   u - +0 plate armour
rPois   .          Reflect  .   (helmet restricted)
rElec   .          Harm     .   (no cloak)
rCorr   .          Rampage  .   w - +0 pair of gloves
Will    .....                   (no boots)
Stlth   ..........              (no amulet)
HPRegen 0.20/turn               (no ring)
MPRegen 0.10/turn               (no ring)

@: no status effects
A: horns 2, retaliatory headbutt
a: no special abilities


You were on level 4 of the Dungeon.
You visited 1 branch of the dungeon, and saw 5 of its levels.

You collected 158 gold pieces.

Inventory:

Hand Weapons
 a - a +0 long sword (weapon)
Armour
 b - a +0 scale mail
 c - a +0 buckler (worn)
 u - a +0 plate armour (worn)
 w - a +0 pair of gloves (worn)
Scrolls
 e - a scroll of silence {unknown}
 f - a scroll of enchant armour {unknown}
 k - a scroll of amnesia {unknown}
 m - a scroll of identify {unknown}
 n - a scroll of immolation {unknown}
 o - 3 scrolls of enchant weapon {unknown}
 p - a scroll of summoning {unknown}
 q - 2 scrolls of teleportation
 r - 2 scrolls of fog
 s - a scroll of magic mapping {unknown}
Potions
 d - 2 potions of might
 g - a potion of attraction {unknown}
 h - a potion of invisibility {unknown}
 i - a potion of mutation {unknown}
 l - 2 potions of heal wounds {unknown}
 t - a potion of haste {unknown}
 v - a potion of degeneration {unknown}


   Skills:
 + Level 5.6 Fighting
 + Level 7.6 Long Blades
 + Level 6.7 Armour
 + Level 1.5 Dodging
 + Level 1.1 Stealth
 + Level 4.6 Shields


You had 6 spell levels left.
You didn't know any spells.
Your spell library was empty.

Dungeon Overview and Level Annotations

Branches:
Dungeon (5/15)
 Temple: D:4-7

Altars:

Annotations:
D:3 2 transporters, P0WERM0DE's ghost, amateur MfCK
D:4 Pikel


Innate Abilities, Weirdness & Mutations

You have a pair of horns on your head.
You reflexively headbutt those who attack you in melee.


Message History

There is a stone staircase leading down here.
Unknown command.
You barely miss the orc. The orc barely misses you.
You slash the orc!
You kill the orc!
You hit Pikel but do no damage. Your headbutt misses Pikel.
You block Pikel's attack.
You closely miss Pikel.
Pikel hits you with a +0 whip of flaming!
Pikel burns you.
You hit Pikel but do no damage. Pikel hits you but does no damage.
You closely miss Pikel.
Pikel hits you with a +0 whip of flaming.
Pikel burns you.
You hit Pikel. Your headbutt misses Pikel.
Pikel is lightly wounded.
Pikel zaps a wand.
Your mind is blasted!
You hit Pikel. You headbutt Pikel!
Pikel is moderately wounded.
Pikel zaps a wand.
Your mind is blasted!
* * * LOW HITPOINT WARNING * * *
You barely miss Pikel.
Pikel is moderately wounded.
Pikel hits you but does no damage.
You hit Pikel.
Pikel is moderately wounded.
You block Pikel's attack.
You slash Pikel! Your headbutt misses Pikel.
Pikel is heavily wounded.
Pikel zaps a wand.
Your mind is blasted!
* * * LOW HITPOINT WARNING * * *
You feel better. You block Pikel's attack.
You closely miss Pikel.
Pikel is heavily wounded.
Pikel closely misses you.
Unknown command.
You hit Pikel. Your headbutt misses Pikel.
Pikel is severely wounded.
Pikel zaps a wand.
Your mind is blasted!
You die...

#.# #............... #.#
#.#########.#### #.# #.#
#.......# ##.# #.#
#.......# #..# ##.##
#.......###
#.####...###..........
#.# #................#
#.# #....###.......#.#
#.# #@#.## #.........#
#.# #K#.# ####.####.#
#.###.#>#######.# #.#
###.......K.(..##.####.#
#..........)....<......#
#.#######..###.##.###..#
#.# #...##.....# #..#
#.# #...##..######..#
#.# #...##..........#


You could see Pikel.

Vanquished Creatures
  Grinder (D:5)
  Duvessa (D:4)
  An ogre (D:4)
  A hornet zombie (D:5)
  A phantom (D:4)
  2 scorpions
  Dowan (D:4)
  3 hounds (D:5)
  A bullfrog skeleton (D:5)
  An iguana (D:5)
  A howler monkey zombie (D:5)
  4 adders
  A howler monkey skeleton (D:4)
  An adder skeleton (D:4)
  A dart slug (D:2)
  10 orcs
  5 ball pythons
  3 bats
  5 endoplasms
  3 giant cockroaches
  7 goblins
  4 hobgoblins
  2 jackals (D:3)
  4 quokkas
  2 frilled lizards
  4 kobolds
  3 rats
73 creatures vanquished.

Notes
Turn   | Place    | Note
-------+----------+-------------------------------------------
     0 | D:1      | Peloso the Minotaur Fighter began the quest for the Orb.
     0 | D:1      | Reached XP level 1. HP: 19/19 MP: 0/0
   445 | D:1      | Reached XP level 2. HP: 24/27 MP: 1/1
   969 | D:2      | Found a faded altar of an unknown god.
  1151 | D:2      | Reached skill level 3 in Long Blades
  1169 | D:2      | Reached XP level 3. HP: 33/33 MP: 2/2
  1673 | D:3      | Found a transporter.
  1874 | D:3      | Noticed a scorpion
  1886 | D:3      | Killed a scorpion
  1887 | D:3      | Reached skill level 4 in Long Blades
  1887 | D:3      | Reached XP level 4. HP: 21/40 MP: 3/3
  2197 | D:3      | Found a transporter.
  2200 | D:3      | Noticed P0WERM0DE's ghost (amateur MfCK)
  2201 | D:3      | Noticed a necrophage
  2475 | D:4      | Noticed a phantom
  2486 | D:4      | Killed a phantom
  2487 | D:4      | Reached skill level 5 in Long Blades
  2487 | D:4      | Reached skill level 1 in Dodging
  2487 | D:4      | Reached XP level 5. HP: 33/46 MP: 4/4
  3269 | D:5      | Entered Level 5 of the Dungeon
  3269 | D:5      | Noticed Dowan
  3269 | D:5      | Noticed an ogre
  3270 | D:5      | Noticed Duvessa
  3287 | D:4      | Reached skill level 5 in Armour
  3287 | D:4      | Reached XP level 6. HP: 30/53 MP: 5/5
  3302 | D:4      | Killed Duvessa
  3306 | D:4      | Killed Dowan
  3307 | D:4      | Reached skill level 6 in Long Blades
  3307 | D:4      | Reached skill level 1 in Stealth
  3602 | D:4      | Reached XP level 7. HP: 23/60 MP: 6/6
  3868 | D:5      | Reached skill level 5 in Fighting
  4029 | D:5      | Noticed Grinder
  4050 | D:5      | Paralysed by Grinder for 3 turns
  4058 | D:5      | Killed Grinder
  4059 | D:5      | Reached skill level 7 in Long Blades
  4343 | D:5      | Noticed Pikel
  4388 | D:4      | Blown up by Pikel

Illustrated notes

Levels and vault maps discovered:
D:1:      wander_arrival_peaceful_grave, layout_basic
D:2:      layout_loops_ring, ebering_ecumenical_altar_hall, glass_columns_a,
          roderic_filled_cross
D:3:      layout_loops_ring, gammafunk_ghost_mausoleum
D:4:      layout_loops_ring, minmay_misc_feat_pillars, kennysheep_generic_room_4
D:5:      layout_cave_pools, minmay_temple_entry_fiery, serial_column_ruins,
          column_ruins_open_small, column_ruins_open_small, column_ruins_grid_1,
          chequers_serial_rivers_micro_a, uniq_duvessa, uniq_grinder, uniq_pikel

Skill      XL: |  1  2  3  4  5  6  7 |
---------------+----------------------+-----
Armour         | 4 5 6 |  6.7
Long Blades    | 3 4 5 6 7 |  7.6
Shields        | 4 |  4.6
Fighting       | 4 5 |  5.6
Dodging        | 1 |  1.5
Stealth        | 1 |  1.1

Action                   |  1- 3 |  4- 6 |  7- 9 || total
-------------------------+-------+-------+-------++-------
Melee: Long sword        |    79 |    73 |    71 ||   223
       Headbutt          |     5 |    11 |    13 ||    29
  Use: Potion            |     2 |     1 |     1 ||     4
       Scroll            |     2 |       |       ||     2
Armor: Scale mail        |    46 |    18 |       ||    64
       Plate armour      |       |     9 |    37 ||    46
Dodge: Dodged            |    29 |    36 |    27 ||    92
Block: Buckler           |    19 |    11 |    17 ||    47
